 Dungeon Crawl Stone Soup version 0.29.1-13-g9f3cf754e1 (webtiles) character file.

Game seed: 2806923278318061539

44 mopl the Conjurer (level 3, 0/16 HPs)
             Began as a Vine Stalker Conjurer on Jan 19, 2023.
             Slain by an adder (3 damage)
             ... on level 2 of the Dungeon.
             The game lasted 00:02:38 (1075 turns).

mopl the Conjurer (Vine Stalker Conjurer)           Turns: 1075, Time: 00:02:38

Health: 0/16       AC:  5    Str:  9    XL:     3   Next: 62%
Magic:  0/8        EV: 12    Int: 22    God:
Gold:   80         SH:  0    Dex: 12    Spells: 5/8 levels left

rFire   + . .      SeeInvis +   (no weapon)
rCold   . . .      Faith    .   (no shield)
rNeg    . . .      Spirit   +   a - +0 robe
rPois   .          Reflect  .   g - +3 crown of Dyrovepreva {rElec Int+2 SInv}
rElec   +          Harm     .   (no cloak)
rCorr   .          Rampage  .   (no gloves)
Will    .....                   (no boots)
Stlth   ++........              (no amulet)
HPRegen 0.05/turn               d - ring of protection from fire
MPRegen 0.11/turn               (no ring)

@: lethally poisoned (0 -> -2)
A: fangs 2, magic shield, antimagic bite, no potion heal 2
a: no special abilities


You were on level 2 of the Dungeon.
You visited 1 branch of the dungeon, and saw 2 of its levels.

You collected 80 gold pieces.

Inventory:

Missiles
 c - 4 poisoned darts
Armour
 a - a +0 robe (worn)
 g - the +3 crown of Dyrovepreva (worn) {rElec Int+2 SInv}
   (You found it on level 2 of the Dungeon)

   Int:       It affects your intelligence (+2).
   rElec:     It insulates you from electricity.
   SInv:      It lets you see invisible.
Jewellery
 d - a ring of protection from fire (left hand)
Scrolls
 e - a scroll of identify {unknown}
Potions
 b - 2 potions of magic
 f - a potion of cancellation {unknown}
 h - a potion of invisibility {unknown}
 i - a potion of haste {unknown}


   Skills:
 - Level 1.5 Dodging
 - Level 2.4 Stealth
 + Level 3.2 Spellcasting
 + Level 4.6 Conjurations


You had 5 spell levels left.
You knew the following spells:

 Your Spells              Type           Power      Damage    Failure   Level
a - Magic Dart            Conj           96%        1d7       1%          1
b - Searing Ray           Conj           48%        2d6       2%          2

Your spell library contained the following spells:

 Spells                   Type           Power      Damage    Failure   Level
 Beastly Appendage        Tmut           6%         N/A       12%         1
 Freeze                   Ice            12%        1d4       12%         1
 Dazzling Flash           Conj/Hex       26%        N/A       14%         3
 Ensorcelled Hibernation  Hex/Ice        6%         N/A       19%         2
 Frozen Ramparts          Ice            6%         1d1       36%         3
 Ignite Poison            Fire/Tmut/Pois 3%         N/A       36%         3
 Spider Form              Tmut/Pois      3%         N/A       36%         3
 Fulminant Prism          Conj/Hex       6%         3d7       43%         4
 Hailstorm                Conj/Ice       13%        3d5       43%         4
 Iskenderun's Mystic Bla  Conj/Tloc      13%        2d5       43%         4
 Agony                    Necr           3%         N/A       98%         5
 Silence                  Hex/Air        1%         N/A       98%         5
 Eringya's Noxious Bog    Tmut/Pois      1%         N/A       100%        6


Dungeon Overview and Level Annotations

Branches:
Dungeon (2/15)

Altars:
Qazlal


Innate Abilities, Weirdness & Mutations

You have extremely sharp teeth.
When hurt, damage is shared between your health and your magic reserves.
Your bite disrupts and absorbs the magic of your enemies.
Potions cannot restore your health.


Message History

The adder poisons you! The adder bites you but does no damage.
Casting: Magic Dart (safe; 1% risk of failure)
Confirm with . or Enter, or press ? or * to list all spells.
Aiming: Magic Dart (safe; 1% risk of failure)
Press: ? - help, Shift-Dir - straight line, f/p - adder
Aim: an adder (heavily wounded, 100% to hit)
The magic dart hits the adder.
The adder is heavily wounded.
You feel sick. The adder closely misses you.
Unknown command.
Casting: Magic Dart (safe; 1% risk of failure)
Confirm with . or Enter, or press ? or * to list all spells.
Aiming: Magic Dart (safe; 1% risk of failure)
Press: ? - help, Shift-Dir - straight line, f/p - adder
Aim: an adder (heavily wounded, 100% to hit)
The magic dart hits the adder.
The adder is severely wounded.
You feel sick. The adder closely misses you.
Unknown command.
You completely miss the adder.
The adder is severely wounded.
You feel sick. The adder bites you.
You are more poisoned.
The adder poisons you! The adder misses you.
You miss the adder.
The adder is severely wounded.
You feel sick. The adder misses you.
You barely miss the adder. You bite the adder, but do no damage.
The adder is severely wounded.
You feel sick. The adder barely misses you.
Your magical contamination has completely faded away.
You hit the adder. Your bite misses the adder.
The adder is severely wounded.
You feel sick. The adder closely misses you.
You closely miss the adder. Your bite misses the adder.
The adder is severely wounded.
You feel sick. The adder bites you.
* * * LOW HITPOINT WARNING * * *
The adder bites you.
You die...

#.#######. #.#...#..#
##+# #.#.#.#..#
##...########.#.#.#...
##.....##..............
#.8...8.######.#.#.#...
#.#.....#.##..#........#
...8...8...#.####....###
.....$S@...'............
...8...8...#.####.......
#.#.....#.##.# .........
#.8...8.###.#.######...
##.....# #.# ... ##...##
#.# ... ##+# #.# ... #.#
#.#


You could see an adder.

Vanquished Creatures
  An adder (D:2)
  2 worms (D:2)
  5 ball pythons
  3 bats
  2 endoplasms (D:2)
  A giant cockroach (D:2)
  4 goblins
  A hobgoblin (D:1)
  6 kobolds
  2 frilled lizards (D:1)
  3 rats
30 creatures vanquished.

Notes
Turn   | Place    | Note
-------+----------+-------------------------------------------
     0 | D:1      | mopl the Vine Stalker Conjurer began the quest for the Orb.
     0 | D:1      | Reached XP level 1. HP: 9/9 MP: 4/4
   164 | D:1      | Reached XP level 2. HP: 13/13 MP: 3/6
   207 | D:1      | Learned a level 2 spell: Searing Ray
   544 | D:2      | Got Caixtooh's Spellbook of Guile and Variation
   575 | D:2      | Found the +3 crown of Dyrovepreva {rElec Int+2 SInv}
   584 | D:2      | Reached XP level 3. HP: 13/16 MP: 6/8
   605 | D:2      | Reached skill level 3 in Spellcasting
   896 | D:2      | Found a stormy altar of Qazlal.
  1075 | D:2      | Slain by an adder

Illustrated notes

Levels and vault maps discovered:
D:1:      psy_arrival_whirlpool, layout_rooms
D:2:      layout_basic, basic_altar, nrook_campfire, dk_noncrumbling_3

Skill      XL: |  1  2  3 |
---------------+----------+-----
Spellcasting   | 3 |  3.2
Dodging        | |  1.5
Stealth        | |  2.4
Conjurations   | |  4.6

Action                   || total
-------------------------++-------
Melee: Unarmed           ||    38
       Bite              ||     5
       Punch             ||     1
 Cast: Magic Dart        ||    54
       Searing Ray       ||     3
 Stab: Sleeping          ||     1
Armor: Robe              ||    14
Dodge: Dodged            ||    40
